AoeStats
← 布丁

Black Forest

507766275Analyzed
4v4 RM · 12d ago on Sep 19, 2026· 59m 15s· 8 players
Game mode
Random Map
Map size
Large (8 player)
Population
200
Speed
Normal
Resources
Standard
Victory
Conquest
Starting age
Dark Age
Ending age
Imperial Age
RankedLock teamsTeams togetherTeam positionsShared explorationLock speedFull tech treeHidden civsTurbo modeCheats
Victory
Defeat
🇦🇷 Mongols · Argentina
874
+14
🇧🇷 Vikings · Brazil
868
+14
🇨🇴 Armenians · Colombia
828
+16
🇬🇧 Saracens · United Kingdom
805
+17
🇹🇼 Goths · Taiwan
863
-18
🇮🇩 Chinese · Indonesia
820
-15
🇸🇪 Berbers · Sweden
803
-14
🇮🇩 Cumans · Indonesia
796
-14
IKAL3379
0:32 Loom
13:57 Feudal Age
14:33 Double-Bit Axe
17:39 Town Watch
24:47 Castle Age
22:34 Horse Collar
24:25 Gold Mining
24:26 Stone Mining
24:57 Forging
24:48 Scale Mail Armor
26:15 Heavy Plow
26:29 Bow Saw
27:30 Chain Mail Armor
29:29 Fervor
29:43 Sanctity
31:06 Wheelbarrow
32:42 Hand Cart
33:23 Town Patrol
37:56 Imperial Age
36:05 Iron Casting
37:58 Fletching
38:44 Caravan
40:30 Bodkin Arrow
40:35 Padded Archer Armor
41:37 Blast Furnace
41:07 Plate Mail Armor
40:54 Fereters
41:10 Conscription
41:27 Hoardings
40:55 Elite Composite Bowman
42:05 Bracer
52:04 Leather Archer Armor
| Hooligan |
10:30 Feudal Age
8:46 Loom
15:41 Horse Collar
21:41 Castle Age
20:02 Double-Bit Axe
21:31 Forging
21:27 Scale Barding Armor
23:42 Heavy Plow
24:07 Chain Barding Armor
26:54 Iron Casting
28:13 Wheelbarrow
32:55 Hand Cart
38:20 Imperial Age
37:45 Bimaristan
38:48 Scale Mail Armor
38:45 Elite Mameluke
40:02 Bloodlines
39:52 Husbandry
42:51 Bow Saw
43:40 Chain Mail Armor
45:43 Counterweights
48:03 Conscription
49:22 Blast Furnace
48:53 Plate Mail Armor
48:59 Plate Barding Armor
51:28 Fletching
52:51 Two-Man Saw
53:58 Block Printing
53:54 Redemption
53:32 Arrowslits
53:58 Fortified Wall
59:15 Chemistry
58:36 Ballistics
58:18 Stone Mining
58:18 Gold Mining
IP_HzX
0:31 Loom
11:52 Feudal Age
12:45 Double-Bit Axe
13:17 Horse Collar
16:42 Wheelbarrow
21:23 Castle Age
20:47 Bloodlines
20:49 Scale Barding Armor
20:35 Fletching
20:45 Padded Archer Armor
23:02 Husbandry
27:49 Stone Mining
29:47 Hand Cart
30:52 Nomads
30:54 Town Watch
31:46 Bow Saw
35:07 Ballistics
36:01 Fortified Wall
40:01 Imperial Age
39:04 Elite Skirmisher
39:51 Thumb Ring
40:53 Elite Mangudai
42:55 Gold Mining
43:41 Stone Shaft Mining
43:10 Town Patrol
43:08 Murder Holes
44:15 Chemistry
45:17 Leather Archer Armor
45:32 Drill
47:51 Bodkin Arrow
48:32 Conscription
49:45 Gold Shaft Mining
49:11 Heavy Plow
49:48 Caravan
50:19 Coinage
50:40 Bracer
50:52 Forging
51:28 Hoardings
53:42 Light Cavalry
54:59 Banking
55:31 Murder Holes
55:42 Siege Engineers
55:47 Masonry
55:04 Hussar
56:09 Onager
56:51 Capped Ram
57:39 Siege Onager
57:57 Siege Ram
58:24 Heavy Camel Rider
58:25 Cavalier
58:26 Elite Steppe Lancer
59:45 Parthian Tactics
58:40 Heavy Cavalry Archer
58:41 Crossbowman
59:34 Masonry
HaweN
0:34 Loom
11:59 Feudal Age
19:59 Castle Age
18:33 Horse Collar
18:52 Double-Bit Axe
26:13 Scale Mail Armor
27:23 Forging
32:01 Heavy Plow
33:35 Chain Mail Armor
35:53 Iron Casting
35:39 Gold Mining
35:41 Stone Mining
38:30 Gold Shaft Mining
40:38 Imperial Age
38:53 Bow Saw
39:42 Pikeman
40:22 Squires
40:07 Arson
40:40 Elite Berserk
41:06 Capped Ram
42:04 Man-at-Arms
42:29 Gambesons
43:21 Conscription
44:24 Two-Man Saw
44:05 Ballistics
43:27 Treadmill Crane
45:01 Gambesons
44:36 Long Swordsman
44:45 Siege Ram
49:06 Padded Archer Armor
48:58 Fletching
49:38 Plate Mail Armor
48:35 Onager
56:00 Elite Skirmisher
56:01 Crossbowman
56:44 Bogsveigar
56:46 Chieftains
56:54 Two-Handed Swordsman
57:05 Arbalester
58:38 Hoardings
58:30 Leather Archer Armor
59:16 Blast Furnace
58:18 Murder Holes
59:24 Chemistry
58:30 Siege Engineers
58:35 Masonry
59:27 Town Watch
59:36 Guard Tower
59:31 Arrowslits
ricksanchez
0:45 Loom
17:41 Feudal Age
19:16 Wheelbarrow
23:02 Castle Age
21:20 Double-Bit Axe
22:41 Stone Mining
24:13 Gold Mining
31:23 Bow Saw
31:34 Kasbah
36:06 Imperial Age
34:02 Hand Cart
34:32 Fortified Wall
35:19 Ballistics
35:17 Caravan
35:43 Murder Holes
35:38 Horse Collar
35:56 Fletching
38:32 Chemistry
37:20 Town Watch
38:26 Thumb Ring
39:01 Elite Genitour
42:32 Heavy Camel Rider
43:31 Bodkin Arrow
43:36 Padded Archer Armor
45:25 Bracer
45:41 Leather Archer Armor
47:55 Ring Archer Armor
48:46 Conscription
48:50 Maghrebi Camels
+62 | Farhan
14:34 Feudal Age
14:58 Horse Collar
15:10 Double-Bit Axe
22:04 Castle Age
20:57 Wheelbarrow
20:25 Stone Mining
22:46 Fletching
25:51 Stone Shaft Mining
25:24 Bodkin Arrow
26:42 Gold Mining
29:40 Gold Shaft Mining
30:34 Heavy Plow
30:51 Hand Cart
32:40 Ballistics
32:26 Town Watch
35:14 Imperial Age
33:07 Padded Archer Armor
33:21 Forging
33:11 Scale Mail Armor
34:29 Murder Holes
34:54 Leather Archer Armor
35:15 Iron Casting
36:48 Conscription
37:47 Chemistry
36:14 Elite Chu Ko Nu
37:03 Bracer
38:03 Ring Archer Armor
49:24 Bow Saw
布丁
1:25 Loom
16:06 Feudal Age
17:25 Wheelbarrow
21:18 Castle Age
21:10 Double-Bit Axe
21:10 Horse Collar
22:50 Hand Cart
27:21 Gold Mining
27:45 Bow Saw
48:27 Caravan
48:14 Elite Skirmisher
Lagi Gabut
0:29 Loom
15:14 Feudal Age
24:27 Castle Age
24:24 Double-Bit Axe
24:22 Horse Collar
24:37 Gold Mining
24:38 Stone Mining
25:02 Scale Mail Armor
25:13 Forging
25:10 Scale Barding Armor
34:46 Imperial Age
35:37 Steppe Husbandry
35:58 Conscription
36:15 Hoardings
35:07 Pikeman
35:48 Squires
36:01 Heavy Plow
37:13 Crop Rotation
36:57 Bow Saw
37:12 Chain Mail Armor
37:40 Halberdier
39:40 Elite Steppe Lancer
40:36 Bloodlines
40:51 Bloodlines
43:05 Wheelbarrow
45:17 Elite Steppe Lancer
46:08 Bloodlines
46:27 Bloodlines
47:33 Chain Barding Armor
50:08 Fervor
Connection lost

Rejoining the realm…

Still unreachable

The connection could not be restored.

Session expired

The server has moved on; the page needs a fresh start.